 Dungeon Crawl Stone Soup version 0.30.0-5-g1a98f26d00 (webtiles) character file.

Game seed: 13502056005652523879

51 Dordric the Shooter (level 3, 0/16 (21) HPs)
             Began as a Tengu Hunter on May 12, 2023.
             Slain by an endoplasm (2 damage)
             ... on level 2 of the Dungeon.
             The game lasted 00:00:57 (736 turns).

Dordric the Shooter (Tengu Hunter)                   Turns: 736, Time: 00:00:58

HP:   0/16 (21)     AC:  3    Str: 11    XL:     3   Next: 81%
MP:   4/4           EV: 12    Int:  9    God:
Gold: 73            SH:  0    Dex: 19    Spells: 2/2 levels left

rFire   . . .        a - +0 shortbow
rCold   . . .        (shield currently unavailable)
rNeg    . . .        c - +0 leather armour
rPois   .            (helmet restricted)
rElec   .            (no cloak)
rCorr   .            (no gloves)
SInv    .            (boots unavailable)
Will    .....        (no amulet)
Stlth   ++           (no ring)
HPRegen 0.22/turn    (no ring)
MPRegen 0.09/turn

%: no passive effects
@: heavily drained
A: beak, talons 3
a: no special abilities


You were on level 2 of the Dungeon.
You visited 1 branch of the dungeon, and saw 2 of its levels.

You collected 73 gold pieces.

Inventory:

Hand Weapons
 a - a +0 shortbow (weapon)
Armour
 c - a +0 leather armour (worn)
Jewellery
 d - a ring of resist corrosion
Scrolls
 b - 3 scrolls of immolation
 e - a scroll of fog {unknown}
 k - a scroll of teleportation {unknown}
 l - 2 scrolls of identify {unknown}
 m - a scroll of poison {unknown}
 n - a scroll of noise {unknown}
Potions
 f - 3 potions of flight {unknown}
 g - a potion of degeneration {unknown}
 h - 2 potions of mutation {unknown}
 i - a potion of ambrosia {unknown}
 j - a potion of curing {unknown}


   Skills:
 - Level 2.0 Fighting
 + Level 5.6 Ranged Weapons
 + Level 2.6 Dodging
 - Level 1.0 Stealth


You had 2 spell levels left.
You didn't know any spells.
Your spell library contained the following spells:

 Spells                   Type           Power      Damage    Failure   Level
 Iskenderun's Battlesphe  Conj           0%         2d6       100%        5
 Iron Shot                Conj/Erth      0%         9d1       100%        6
 Spellforged Servitor     Conj/Summ      0%         N/A       100%        7


Dungeon Overview and Level Annotations

Branches:
Dungeon (2/15)

Altars:

Shops:
D:1 (


Innate Abilities, Weirdness & Mutations

You have a beak for a mouth.
You have claws for feet.


Message History

You shoot an arrow. The arrow hits the adder!
You kill the adder!
The adder bites you.
You shoot an arrow. The arrow hits the adder.
The adder is lightly wounded.
An endoplasm comes into view.
The adder barely misses you.
You shoot an arrow. The arrow closely misses the adder.
The adder barely misses you. The adder bites you but does no damage.
The kobold barely misses you.
You shoot an arrow. The arrow hits the adder!
The adder is severely wounded.
The adder bites you but does no damage. The kobold barely misses you.
The adder barely misses you.
You shoot an arrow. The arrow hits the adder.
You kill the adder!
The kobold hits you but does no damage.
You feel drained.
Your life force feels restored.
You shoot an arrow. The arrow misses the kobold.
The kobold hits you with a +0 dagger of draining.
You feel drained.
The kobold hits you with a +0 dagger of draining.
You feel drained.
You shoot an arrow.
The arrow hits the kobold but does no damage.
The kobold barely misses you.
A dart slug comes into view.
You shoot an arrow. The arrow closely misses the kobold.
The endoplasm misses you. The kobold hits you but does no damage.
You feel drained.
You shoot an arrow. The arrow closely misses the kobold.
The endoplasm freezes you.
You are frozen.
The kobold hits you but does no damage.
You feel drained. The endoplasm freezes you.
You are frozen.
* * * LOW HITPOINT WARNING * * *
The kobold misses you. The kobold attacks as you move away!
The kobold closely misses you. The endoplasm attacks as you move away!
The endoplasm hits you.
You die...

#..........
##..#..##.### .
.....##.###.# # ..
..... #.# #.# ...
###....##.###.### ..
#...#............
#.###....^..#..##.###
#..K>.#####....##.#
##.J@..........##.#
#..#######.......###
..w..#######.##......#
#####[#.......###...#.#
..#.......# ##.....
###.......# #†.##.
#.......# #.## #
######### ... ...


You could see a dart slug, an endoplasm and a kobold.

Vanquished Creatures
  2 adders (D:2)
  4 endoplasms
  2 giant cockroaches
  3 goblins
  4 hobgoblins
  2 jackals (D:2)
  A kobold (D:1)
  A quokka (D:1)
  5 bats
  A frilled lizard (D:1)
  4 rats
29 creatures vanquished.

Notes
Turn   | Place    | Note
-------+----------+-------------------------------------------
     0 | D:1      | Dordric the Tengu Hunter began the quest for the Orb.
     0 | D:1      | Reached XP level 1. HP: 12/12 MP: 2/2
    85 | D:1      | Found Volainlu's Antique Weapon Emporium.
   186 | D:1      | Reached XP level 2. HP: 17/17 MP: 3/3
   342 | D:1      | Reached skill level 5 in Ranged Weapons
   561 | D:2      | Reached XP level 3. HP: 18/21 MP: 4/4
   736 | D:2      | Slain by an endoplasm

Illustrated notes

Levels and vault maps discovered:
D:1:      dpeg_arrival_arbitrary_b, layout_rooms, serial_shops, shop
D:2:      layout_rooms, ebering_ecumenical_altar_petrified

Skill      XL: |  1  2 |
---------------+-------+-----
Ranged Weapons | 5 |  5.6
Fighting       | |  2.0
Dodging        | |  2.6
Stealth        | |  1.0

Action                     || total
---------------------------++-------
   Fire: Shortbow          ||    69
 Armour: Leather armour    ||     9
  Dodge: Dodged            ||    23
